 Dungeon Crawl Stone Soup version 0.20.1-1-g8b1a95d (webtiles) character file.

185 Josy the Cudgeler (level 5, 0/42 HPs)
             Began as a Human Berserker on Dec 6, 2017.
             Was a Believer of Trog.
             Succumbed to a worker ant's poison
             ... on level 4 of the Dungeon.
             The game lasted 00:12:11 (1861 turns).

Josy the Cudgeler (Human Berserker)                 Turns: 1861, Time: 00:12:12

Health: 0/42       AC: 11    Str: 17    XL:     5   Next: 96%
Magic:  5/5        EV:  6    Int:  9    God:    Trog [**....]
Gold:   115        SH:  0    Dex: 12    Spells: 4/4 levels left

rFire    . . .     SeeInvis .   a - +0 mace
rCold    . . .     Gourm    .   (no shield)
rNeg     + . .     Faith    .   v - +0 plate armour
rPois    .         Spirit   .   (no helmet)
rElec    .         Reflect  .   (no cloak)
rCorr    .         Harm     .   (no gloves)
MR       .....                  (no boots)
Stlth    ..........             (no amulet)
Regen    0.2/turn               p - ring of positive energy
MPRegen  0.1/turn               (no ring)

@: lethally poisoned (0 -> -6)
A: no striking features
a: Berserk, Trog's Hand, Burn Spellbooks, Renounce Religion


You were on level 4 of the Dungeon.
You worshipped Trog.
Trog was pleased with you.
You were completely stuffed.

You visited 1 branch of the dungeon, and saw 4 of its levels.

You collected 115 gold pieces.

Inventory:

Hand Weapons
 a - a +0 mace (weapon)
 g - a +0 club
 k - a +0 mace
 m - a cursed +0 club
 n - a +0 club
 o - a +0 short sword
 u - a +0 spear
 y - a +0 spear
Missiles
 d - 43 stones (quivered)
 e - 14 sling bullets
 j - 14 poisoned needles
 x - 16 arrows
Armour
 b - a +0 animal skin
 f - a +0 ring mail
 i - a +0 ring mail
 l - a cursed +0 robe
 s - a +0 robe
 v - a +0 plate armour (worn)
Magical Staves
 q - an uncursed staff of death {unknown}
Jewellery
 p - a ring of positive energy (left hand)
Scrolls
 r - 3 scrolls of identify
 w - a scroll of amnesia
Potions
 A - a potion of ambrosia {unknown}
Comestibles
 c - a bread ration
 h - 2 royal jellies


   Skills:
 + Level 3.7 Fighting
 + Level 4.8 Maces & Flails
 + Level 3.1 Armour
 + Level 2.6 Dodging


You had 4 spell levels left.
You didn't know any spells.

Dungeon Overview and Level Annotations

Branches:
Dungeon (4/15)
 Temple: D:4-7

Altars:


Message History

You hit the worker ant.
The worker ant is almost dead.
* * * LOW HITPOINT WARNING * * *
You feel sick. The worker ant bites you.
* * * LOW HITPOINT WARNING * * *
You closely miss the worker ant.
The worker ant is almost dead.
* * * LOW HITPOINT WARNING * * *
You feel sick.
The worker ant bites you but does no damage.
The worker ant barely misses you.
You hit the worker ant.
You kill the worker ant!
Trog accepts your kill.
Your Armour skill increases to level 3!
* * * LOW HITPOINT WARNING * * *
You feel sick.
* * * LOW HITPOINT WARNING * * *
You feel sick.
You die...

#.#.#.#######..........
#...## ##########.
##.## #. #.# #.
####.#### #########.
#.......#
#####.........
#.##.##.#
#.....##.##.## # #.##.#
#.....##.##.## #.##@#
#........##...
#.##.##.#
#.....##.##.##
#<......#
#.....##......
##......#
#####......... #..#.#.#
#####.##†# #.###..#
#.##.# #. #.# ..##.# #.
..# #####.# ## ### #.#


There were no monsters in sight!

Vanquished Creatures
  A scorpion (D:4)
  2 worker ants (D:4)
  4 gnolls (D:3)
  An ooze (D:1)
  A worm (D:3)
  2 dart slugs (D:1)
  A leopard gecko (D:1)
  2 orcs (D:3)
  A ball python (D:1)
  6 bats
  5 goblins
  4 hobgoblins
  3 kobolds
  2 quokkas
  5 frilled lizards
  4 rats
44 creatures vanquished.

Notes
Turn   | Place    | Note
-------+----------+-------------------------------------------
     0 | D:1      | Josy the Human Berserker began the quest for the Orb.
     0 | D:1      | Reached XP level 1. HP: 18/18 MP: 1/1
   132 | D:1      | Reached XP level 2. HP: 16/24 MP: 2/2
   517 | D:1      | Reached XP level 3. HP: 14/29 MP: 3/3
  1399 | D:3      | Reached ** piety under Trog
  1465 | D:3      | Reached XP level 4. HP: 35/35 MP: 4/4
  1596 | D:3      | Reached skill level 4 in Maces & Flails
  1765 | D:4      | Reached XP level 5. HP: 14/41 MP: 5/5
  1859 | D:4      | HP: 2/42 [poisoned by a worker ant]
  1861 | D:4      | Succumbed to a worker ant's poison

Skill      XL: |  1  2  3  4  5 |
---------------+----------------+-----
Maces & Flails | 4 |  4.8
Armour         | 3 |  3.1
Fighting       | |  3.7
Dodging        | |  2.6

Action                   |  1- 3 |  4- 6 || total
-------------------------+-------+-------++-------
Melee: Mace              |   100 |    66 ||   166
  Use: Scroll            |     4 |     1 ||     5
       Potion            |       |     1 ||     1
  Eat: Chunk             |     2 |       ||     2
       Meat ration       |       |     1 ||     1
       Bread ration      |       |     1 ||     1
Armor: Animal skin       |     1 |       ||     1
       Ring mail         |    90 |       ||    90
       Plate armour      |    12 |    46 ||    58
Dodge: Dodged            |   129 |    32 ||   161
